 Dungeon Crawl Stone Soup version 0.28-a0-172-g787e458d71 (webtiles) character file.

Game seed: 18009229203038048242

48 hatdisgam the Fighter (level 3, -15/44 HPs)
             Began as a Gnoll Wanderer on Aug 17, 2021.
             Demolished by Crazy Yiuf (18 damage)
             ... on level 2 of the Dungeon.
             The game lasted 00:02:13 (1404 turns).

hatdisgam the Fighter (Gnoll Wanderer)              Turns: 1404, Time: 00:02:14

Health: -15/44     AC: 11    Str:  8    XL:     3   Next: 72%
Magic:  2/4        EV:  7    Int: 11    God:
Gold:   64         SH:  0    Dex: 15    Spells: 3/3 levels left

rFire   . . .      SeeInvis .   n - +0 long sword (vorpal)
rCold   . . .      Faith    .   (no shield)
rNeg    . . .      Spirit   .   h - +0 scale mail
rPois   .          Reflect  .   (no helmet)
rElec   .          Harm     .   j - +1 cloak
rCorr   .          Rampage  .   (no gloves)
Will    .....                   f - +2 pair of boots
Stlth   ..........              (no amulet)
HPRegen 0.14/turn               (no ring)
MPRegen 0.09/turn               (no ring)

@: hasted, very quick
A: fangs 1, strong nose, distributed training
a: no special abilities


You were on level 2 of the Dungeon.
You visited 1 branch of the dungeon, and saw 2 of its levels.

You collected 64 gold pieces.

Inventory:

Hand Weapons
 a - a +2 mace
 b - a +0 spear
 n - a +0 vorpal long sword (weapon)
Missiles
 i - a throwing net (quivered)
 q - 9 stones
Armour
 d - a +0 robe
 f - a +2 pair of boots (worn)
 h - a +0 scale mail (worn)
 j - a +1 cloak (worn)
Scrolls
 c - a scroll of teleportation
 e - a scroll of blinking {unknown}
 l - a scroll of fear {unknown}
 o - a scroll of enchant weapon {unknown}
Potions
 g - a potion of heal wounds {unknown}
 k - a potion of attraction {unknown}
 p - a potion of resistance {unknown}


   Skills:
 + Level 12.0 Fighting
 + Level 0.9 Short Blades
 + Level 0.9 Long Blades
 + Level 0.9 Axes
 + Level 4.5 Maces & Flails
 + Level 0.9 Polearms
 + Level 0.9 Staves
 + Level 0.9 Slings
 + Level 0.9 Bows
 + Level 0.9 Crossbows
 + Level 2.6 Throwing
 + Level 0.9 Armour
 + Level 0.9 Dodging
 + Level 0.9 Stealth
 + Level 2.6 Shields
 + Level 0.9 Unarmed Combat
 + Level 0.9 Spellcasting
 + Level 0.6 Conjurations
 + Level 0.6 Hexes
 + Level 0.6 Summonings
 + Level 0.6 Necromancy
 + Level 0.6 Translocations
 + Level 0.6 Transmutations
 + Level 0.6 Fire Magic
 + Level 0.6 Ice Magic
 + Level 0.6 Air Magic
 + Level 0.6 Earth Magic
 + Level 0.6 Poison Magic
 + Level 1.0 Invocations
 + Level 0.9 Evocations


You had 3 spell levels left.
You didn't know any spells.
Your spell library was empty.

Dungeon Overview and Level Annotations

Branches:
Dungeon (2/15)

Altars:

Annotations:
D:2 Crazy Yiuf


Innate Abilities, Weirdness & Mutations

You have very sharp teeth.
Your uncanny sense of smell can sniff out nearby items.
Your experience applies equally to all skills.


Message History

Crazy Yiuf hits you with a +2 quarterstaff of chaos!
You resist with some effort.
There is an open translucent door here.
You hit Crazy Yiuf.
Crazy Yiuf is lightly wounded.
Crazy Yiuf hits you with a +2 quarterstaff of chaos.
You are confused.
You bump into the stone wall.
Crazy Yiuf hits you with a +2 quarterstaff of chaos!
You feel your power leaking away.
You bump into the stone wall.
Crazy Yiuf hits you with a +2 quarterstaff of chaos.
Crazy Yiuf freezes you.
You hit Crazy Yiuf but do no damage. You bite Crazy Yiuf, but do no damage.
Crazy Yiuf is lightly wounded.
Crazy Yiuf hits you with a +2 quarterstaff of chaos.
You're too confused to move!
Crazy Yiuf barely misses you.
You hit Crazy Yiuf but do no damage.
Crazy Yiuf is lightly wounded.
Crazy Yiuf yells, "Defame blue Hive!"
Crazy Yiuf hits you with a +2 quarterstaff of chaos.
Crazy Yiuf burns you.
* * * LOW HITPOINT WARNING * * *
You bump into the stone wall.
You feel less confused.
You completely miss Crazy Yiuf.
Crazy Yiuf is lightly wounded.
Crazy Yiuf laughs, "Cake!
Mountain childish canine."
Crazy Yiuf hits you but does no damage.
Your scale mail prevents you from hitting Crazy Yiuf.
Crazy Yiuf is lightly wounded.
Crazy Yiuf hits you with a +2 quarterstaff of chaos.
* * * LOW HITPOINT WARNING * * *
You resist with some effort.
You hit Crazy Yiuf but do no damage.
Crazy Yiuf is lightly wounded.
Crazy Yiuf hits you with a +2 quarterstaff of chaos!
* * * LOW HITPOINT WARNING * * *
You are electrocuted!!
You die...

######## #......# #.####.# #####
### #.# ....# #.# ######♣♣♣♣♣ #.#
###...♣.♣♣♣##### #.#
##......♣..♣#...# #.#
#......♣♣♣♣.'.g@# ##.# ##..#..♣♣
♣♣#..)# #..######## ....##♣♣
##### #....>....### #...#
#..#........# #.### #..#...##.#.#
#.##################..#...##.#.##
..##........##..##.#..#..........
..####......##.†...#..#..###.#.##
..# #......###.####..#..# #.#.#


You could see Crazy Yiuf.

Vanquished Creatures
  An adder (D:2)
  A worm (D:2)
  A dart slug (D:2)
  3 bats
  4 endoplasms
  A giant cockroach (D:2)
  3 goblins
  3 hobgoblins
  3 jackals (D:2)
  3 ball pythons
  2 frilled lizards
  2 kobolds (D:1)
  4 rats
31 creatures vanquished.

Notes
Turn   | Place    | Note
-------+----------+-------------------------------------------
     0 | D:1      | Reached skill level 12 in Fighting
     0 | D:1      | hatdisgam the Gnoll Wanderer began the quest for the Orb.
     0 | D:1      | hatdisgam set off with the following items: a +2 mace, a +0
                  | spear, a scroll of teleportation, a +0 robe
     0 | D:1      | Reached XP level 1. HP: 31/31 MP: 1/1
   184 | D:1      | Reached XP level 2. HP: 38/38 MP: 2/2
   615 | D:2      | Reached XP level 3. HP: 39/44 MP: 3/3
   726 | D:2      | Found a runed translucent door.
   727 | D:2      | Noticed Crazy Yiuf
  1015 | D:2      | Reached skill level 1 in Invocations
  1404 | D:2      | Demolished by Crazy Yiuf

Illustrated notes

Levels and vault maps discovered:
D:1:      dpeg_arrival_fog, layout_basic, shapermc_ecumenical_altar_hornbeckon
D:2:      layout_basic, uniq_crazy_yiuf_cottage

Skill      XL: |  1  2  3 |
---------------+----------+-----
Fighting       | | 12.0
Invocations    | 1 |  1.0
Short Blades   | |  0.9
Long Blades    | |  0.9
Axes           | |  0.9
Maces & Flails | |  4.5
Polearms       | |  0.9
Staves         | |  0.9
Slings         | |  0.9
Bows           | |  0.9
Crossbows      | |  0.9
Throwing       | |  2.6
Armour         | |  0.9
Dodging        | |  0.9
Stealth        | |  0.9
Shields        | |  2.6
Unarmed Combat | |  0.9
Spellcasting   | |  0.9
Conjurations   | |  0.6
Hexes          | |  0.6
Summonings     | |  0.6
Necromancy     | |  0.6
Translocations | |  0.6
Transmutations | |  0.6
Fire Magic     | |  0.6
Ice Magic      | |  0.6
Air Magic      | |  0.6
Earth Magic    | |  0.6
Poison Magic   | |  0.6
Evocations     | |  0.9

Action                   || total
-------------------------++-------
Melee: Mace              ||    73
       Bite              ||     8
       Long sword        ||    10
  Use: Potion            ||     1
Armor: Robe              ||     4
       Scale mail        ||    59
Dodge: Dodged            ||    54
       Rpst.: Long sword ||     1

Table legend: (Time is in decaauts)
 A = Elapsed time spent in this place.
 B = Non-inter-level travel time spent in this place.
 C = Inter-level travel time spent in this place.
 D = Time resting spent in this place.
 E = Time spent auto-exploring this place.
 F = Levels seen in this place.
 G = Mean time per level.
                   A        B        C        D        E       F      G
               +--------+--------+--------+--------+--------+-----+--------+
         Total |   1413 |   1393 |     20 |      0 |   1109 |   2 |  706.5 |
       Dungeon |   1413 |   1393 |     20 |      0 |   1109 |   2 |  706.5 |
               +--------+--------+--------+--------+--------+-----+--------+

Top non-repeatable levels by time:
     D:2: 932 daAuts
     D:1: 481 daAuts
